 Dungeon Crawl Stone Soup version 0.24-a0-513-g284f782df5 (webtiles) character file.

Game seed: 6327239459984751631

142 Azzok the Firebug (level 5, 35/35 HPs)
             Began as a Demonspawn Fire Elementalist on July 20, 2019.
             Quit the game on level 2 of the Dungeon.
             The game lasted 00:02:41 (2609 turns).

Azzok the Firebug (Demonspawn Fire Elementalist)    Turns: 2609, Time: 00:02:42

Health: 35/35      AC:  2    Str:  8    XL:     5   Next: 4%
Magic:  4/9        EV: 12    Int: 18    God:
Gold:   78         SH:  0    Dex: 13    Spells: 2/10 levels left

rFire    . . .     SeeInvis .   (no weapon)
rCold    . . .     Gourm    .   (no shield)
rNeg     . . .     Faith    +   a - +0 robe
rPois    .         Spirit   .   (helmet restricted)
rElec    .         Reflect  .   (no cloak)
rCorr    .         Harm     .   (no gloves)
MR       .....                  (no boots)
Stlth    +++.......             f - amulet of faith
HPRegen  0.11/turn              (no ring)
MPRegen  0.11/turn              (no ring)

@: no status effects
A: horns 1, nightstalker 1, sturdy frame 2
a: no special abilities


You were on level 2 of the Dungeon.
You were not hungry.

You visited 1 branch of the dungeon, and saw 2 of its levels.

You collected 78 gold pieces.

Inventory:

Armour
 a - a +0 robe (worn)
Jewellery
 f - an amulet of faith (around neck)
Scrolls
 e - a scroll of blinking {unknown}
 g - a scroll of fear {unknown}
Potions
 d - 3 potions of curing {unknown}
Comestibles
 b - 3 chunks of flesh
 c - 3 rations


   Skills:
 - Level 1.7 Dodging
 - Level 1.7 Stealth
 + Level 3.2 Spellcasting
 + Level 2.8 Conjurations
 + Level 3.7 Fire Magic


You had 2 spell levels left.
You knew the following spells:

 Your Spells              Type           Power        Failure   Level  Hunger
a - Flame Tongue          Conj/Fire      ##...        4%          1    None
b - Conjure Flame         Conj/Fire      ##......     12%         3    ###....
c - Sticky Flame          Conj/Fire      ##......     38%         4    ####...

Your spell library contained the following spells:

 Spells                   Type           Power        Failure   Level  Hunger
 Throw Flame              Conj/Fire      ##....       6%          2    ##.....
 Inner Flame              Hex/Fire       #.......     22%         3    ###....
 Fireball                 Conj/Fire      ##........   75%         5    ######.


Dungeon Overview and Level Annotations

Branches:
Dungeon (2/15)

Altars:
Ashenzari
Makhleb


Innate Abilities, Weirdness & Mutations

You have a pair of small horns on your head.
You are slightly more attuned to the shadows.
Your movements are less encumbered by armour. (ER -4)


Message History

The hound barks!
You hear an angry hiss.
A bat comes into view.
Casting: Flame Tongue (safe; 4% risk of failure)
Confirm with . or Enter, or press ? or * to list all spells.
Aiming: Flame Tongue (safe; 4% risk of failure)
Press: ? - help, Shift-Dir - straight line, f/p - hound
Aim: a hound (moderately wounded)
The flame tongue hits the hound.
The hound is severely wounded.
Casting: Flame Tongue (safe; 4% risk of failure)
Confirm with . or Enter, or press ? or * to list all spells.
Aiming: Flame Tongue (safe; 4% risk of failure)
Press: ? - help, Shift-Dir - straight line, f/p - hound
Aim: a hound (severely wounded)
The flame tongue hits the hound!
You kill the hound!
You have reached level 5!
Your demonic ancestry asserts itself...
You slip into the darkness of the dungeon.
Are you sure you want to abandon this character and quit the game? (Confirm with "yes".)

···········▒
···>·······▒
···········▒
···········
·········· ·······
▒··b▒ ▒@▒ >·▒·▒·▒
▒▒ ▒·▒·▒·▒ ·▒
▒·▒·▒·▒ ·▒ ▒·▒·▒·▒
·▒ ▒·▒·▒·▒ ·▒
▒·▒·▒·▒ ·▒ ▒·▒·▒·▒
·▒▒▒▒▒▒▒▒▒▒▒·▒·▒·▒


You could see a bat.

Vanquished Creatures
  A hound (D:2)
  A worker ant (D:2)
  4 adders (D:2)
  2 worms (D:2)
  2 dart slugs
  2 leopard geckos
  2 ball pythons
  4 giant cockroaches (D:1)
  2 goblins (D:1)
  6 hobgoblins
  4 jackals (D:2)
  4 bats
  3 frilled lizards
  2 kobolds (D:1)
  5 rats
44 creatures vanquished.

Notes
Turn   | Place    | Note
-------+----------+-------------------------------------------
     0 | D:1      | Azzok the Demonspawn Fire Elementalist began the quest for
                  | the Orb.
     0 | D:1      | Reached XP level 1. HP: 13/13 MP: 3/3
   306 | D:1      | Gained mutation: Your movements are slightly less
                  | encumbered by armour. (ER -2) [demonic ancestry]
   306 | D:1      | Reached XP level 2. HP: 19/19 MP: 3/5
  1450 | D:2      | Gained mutation: You have a pair of small horns on your
                  | head. [demonic ancestry]
  1450 | D:2      | Reached XP level 3. HP: 24/24 MP: 4/6
  1941 | D:2      | Found a shattered altar of Ashenzari.
  1942 | D:2      | Found a burning altar of Makhleb.
  2126 | D:2      | Gained mutation: Your movements are less encumbered by
                  | armour. (ER -4) [demonic ancestry]
  2126 | D:2      | Reached XP level 4. HP: 21/30 MP: 0/8
  2294 | D:2      | Learned a level 3 spell: Conjure Flame
  2299 | D:2      | Learned a level 4 spell: Sticky Flame
  2608 | D:2      | Gained mutation: You are slightly more attuned to the
                  | shadows. [demonic ancestry]
  2608 | D:2      | Reached XP level 5. HP: 35/35 MP: 4/9
  2609 | D:2      | Quit the game

Levels and vault maps discovered:
D:1:      psy_arrival_terrarium, layout_loops_ring, minmay_hedge_maze,
          grunt_decor_cap, hangedman_abyss_or_decor_lesser_grid
D:2:      layout_basic, minitemple

Skill      XL: |  1  2  3  4 |
---------------+-------------+-----
Fire Magic     | 3 |  3.7
Conjurations   | 2 |  2.8
Spellcasting   | 3 |  3.2
Dodging        | |  1.7
Stealth        | |  1.7

Action                   |  1- 3 |  4- 6 || total
-------------------------+-------+-------++-------
Melee: Unarmed           |    20 |       ||    20
       Headbutt          |     2 |       ||     2
 Cast: Flame Tongue      |    68 |    19 ||    87
  Eat: Chunk             |     4 |     2 ||     6
Armor: Robe              |     9 |     1 ||    10
Dodge: Dodged            |    57 |     6 ||    63

Table legend:
 A = Non-vault XP
 B = Vault XP
 C = Vault XP percentage of total XP
 D = Non-vault monster count
 E = Vault monster count
 F = Vault count percentage of total count
                 A         B        C        D         E       F
            +---------+---------+-------+---------+---------+-------
      Total |     204 |       0 |   0.0 |      44 |       0 |   0.0
            +---------+---------+-------+---------+---------+-------
        D:1 |      40 |       0 |   0.0 |      23 |       0 |   0.0
        D:2 |     164 |       0 |   0.0 |      21 |       0 |   0.0
            +---------+---------+-------+---------+---------+-------
